 Dungeon Crawl Stone Soup version 0.22-a0-469-gf26638a71f (webtiles) character file.

354 Manul the Slasher (level 6, 0/46 HPs)
             Began as a Demonspawn Gladiator on June 12, 2018.
             Slain by Pikel
             ... wielding a +2 whip of electrocution
              (10 damage)
             ... on level 4 of the Dungeon.
             The game lasted 00:03:24 (2946 turns).

Manul the Slasher (Demonspawn Gladiator)            Turns: 2946, Time: 00:03:25

Health: 0/46       AC:  9    Str: 15    XL:     6   Next: 35%
Magic:  6/6        EV: 12    Int:  9    God:
Gold:   130        SH:  0    Dex: 16    Spells: 5/5 levels left

rFire    . . .     SeeInvis .   g - +2 short sword (elec)
rCold    . . .     Gourm    .   (no shield)
rNeg     . . .     Faith    .   e - +0 ring mail
rPois    .         Spirit   .   c - +0 helmet
rElec    .         Reflect  .   (no cloak)
rCorr    .         Harm     .   (no gloves)
MR       .....                  (no boots)
Stlth    +.........             o - amulet of magic regeneration
HPRegen  0.15/turn              (no ring)
MPRegen  0.35/turn              (no ring)

@: no status effects
A: molten scales 2, demonic guardian 1
a: no special abilities


You were on level 4 of the Dungeon.
You were hungry.

You visited 1 branch of the dungeon, and saw 4 of its levels.

You collected 130 gold pieces.

Inventory:

Hand Weapons
 a - a +0 long sword
 g - a +2 short sword of electrocution (weapon)
Missiles
 d - 3 throwing nets (quivered)
Armour
 c - a +0 helmet (worn)
 e - a +0 ring mail (worn)
Jewellery
 o - an amulet of magic regeneration (around neck)
Wands
 k - a wand of iceblast (5)
Scrolls
 h - 2 scrolls of blinking {unknown}
 j - 3 scrolls of identify
 p - 3 scrolls of teleportation {unknown}
 q - a scroll of remove curse {unknown}
 r - a scroll of random uselessness {unknown}
Potions
 b - a potion of cancellation {unknown}
 i - 2 potions of haste
 m - a potion of brilliance
 n - a potion of curing
Comestibles
 f - 5 rations


   Skills:
 + Level 2.7 Fighting
 + Level 4.9 Long Blades
 + Level 2.0 Throwing
 + Level 2.1 Armour
 + Level 3.6 Dodging
 + Level 1.0 Stealth


You had 5 spell levels left.
You didn't know any spells.
Your spell library was empty.

Dungeon Overview and Level Annotations

Branches:
Dungeon (4/15)
 Temple: D:4-7

Altars:
Elyvilon
Fedhas
Qazlal
Ru
Trog

Annotations:
D:4 Pikel


Innate Abilities, Weirdness & Mutations

You are mostly covered in molten scales. (AC +3)
A weak demonic guardian rushes to your aid.


Message History

Pikel completely misses you.
Your iron imp hits the slave.
Unknown command.
You barely miss Pikel.
Pikel is moderately wounded.
The slave barely misses your iron imp.
Your white imp hits Pikel.
Your white imp freezes Pikel.
Pikel hits you but does no damage.
You are electrocuted!
You hit Pikel.
Pikel is heavily wounded.
Your iron imp closely misses the slave.
The slave barely misses your iron imp.
Your white imp hits Pikel but does no damage.
Pikel hits you but does no damage.
You are electrocuted!
* * * LOW HITPOINT WARNING * * *
Unknown command.
The slave hits your iron imp.
Your iron imp dies!
Your white imp barely misses Pikel.
Your white imp hits the slave but does no damage.
Pikel hits you with a whip of electrocution!
You die...

#.#.. #.#.## #....
.... #######.#
###.......#
#.%..!5p..#
....####K.##########
. #.@##.....))#
#.##..##.#####.##
#........# ##..)##
..........## #.###.#
.#####...## #.# #.#
##.## #.###[# #.#
##...## #.# ###.#
##'## #.#


You could see Pikel, a slave and a friendly white imp.

Vanquished Creatures
  Grinder (D:3)
  2 slaves (D:4)
  An orc priest (D:3)
  An iguana (D:2)
  6 adders
  An ooze (D:3)
  A worm (D:4)
  A dart slug (D:1)
  5 orcs
  2 bats
  2 giant cockroaches
  8 goblins
  6 hobgoblins
  3 quokkas (D:2)
  A ball python (D:3)
  2 frilled lizards
  8 kobolds
  3 rats (D:2)
54 creatures vanquished.

Vanquished Creatures (collateral kills)
  A slave (D:4)
  An ogre (D:3)
  An orc priest (D:4)
  4 orcs
7 creatures vanquished.

Grand Total: 61 creatures vanquished

Notes
Turn   | Place    | Note
-------+----------+-------------------------------------------
     0 | D:1      | Manul the Demonspawn Gladiator began the quest for the Orb.
     0 | D:1      | Reached XP level 1. HP: 16/16 MP: 1/1
   224 | D:1      | Gained mutation: You are partially covered in molten scales. (AC +2) [demonic ancestry]
   224 | D:1      | Reached XP level 2. HP: 22/22 MP: 2/2
   632 | D:2      | Reached skill level 3 in Long Blades
   650 | D:2      | Gained mutation: A weak demonic guardian rushes to your aid. [demonic ancestry]
   650 | D:2      | Reached XP level 3. HP: 19/27 MP: 3/3
   795 | D:2      | Found a white marble altar of Elyvilon.
  1152 | D:2      | Reached skill level 1 in Armour
  1152 | D:2      | Reached XP level 4. HP: 29/33 MP: 4/4
  1552 | D:3      | Found a bloodstained altar of Trog.
  1567 | D:3      | Found a stormy altar of Qazlal.
  1599 | D:3      | Found a blossoming altar of Fedhas.
  1730 | D:3      | Found a sacrificial altar of Ru.
  1752 | D:3      | Reached skill level 4 in Long Blades
  1801 | D:3      | Gained mutation: You are mostly covered in molten scales. (AC +3) [demonic ancestry]
  1801 | D:3      | Reached XP level 5. HP: 27/38 MP: 5/5
  1869 | D:3      | Noticed Grinder
  1873 | D:3      | Paralysed by Grinder for 5 turns
  1874 | D:3      | Noticed an ogre
  1888 | D:3      | Killed an ogre
  1941 | D:3      | Killed Grinder
  1941 | D:3      | Reached XP level 6. HP: 42/46 MP: 6/6
  2688 | D:4      | Reached skill level 1 in Stealth
  2924 | D:4      | Noticed a slave
  2925 | D:4      | Noticed a slave
  2925 | D:4      | Noticed a slave
  2925 | D:4      | Noticed Pikel
  2925 | D:4      | Noticed a slave
  2931 | D:4      | Killed a slave
  2934 | D:4      | Killed a slave
  2939 | D:4      | Killed a slave
  2946 | D:4      | Slain by Pikel

Vault maps used:
D:1:      minmay_arrival_glassed_features, hangedman_decor_clover_reticule,
          minmay_misc_feat_roman
D:2:      lemuel_round_altar
D:3:      nicolae_overflow_crystal_walls,
          grunt_temple_overflow_forces_of_nature, first_ration,
          nicolae_ru_path_of_blood, uniq_grinder
D:4:      trog_eyes_of_draining, uniq_crazy_yiuf_cottage, uniq_menkaure,
          uniq_pikel

Skill      XL: |  1  2  3  4  5  6 |
---------------+-------------------+-----
Dodging        | 3 |  3.6
Throwing       | 2 |  2.0
Long Blades    | 3 4 |  4.9
Armour         | 1 2 |  2.1
Stealth        | 1 |  1.0
Fighting       | |  2.7

Action                   |  1- 3 |  4- 6 || total
-------------------------+-------+-------++-------
Melee: Long sword        |    67 |    79 ||   146
       Short sword       |       |    22 ||    22
  Use: Scroll            |       |     3 ||     3
       Potion            |       |     1 ||     1
 Stab: Sleeping          |     2 |     1 ||     3
  Eat: Chunk             |     1 |     5 ||     6
Armor: Leather armour    |    16 |    21 ||    37
       Ring mail         |       |    13 ||    13
       Skin              |       |     2 ||     2
Dodge: Dodged            |    57 |    51 ||   108
       Rpst.: Long sword |    15 |    21 ||    36

Table legend:
 A = Spawn XP
 B = Non-spawn XP
 C = Spawn XP percentage of total XP
 D = Spawn monster count
 E = Non-spawn monster count
 F = Spawn count percentage of total count
 G = Total turns spent on level
                    A         B        C        D         E        F      G
               +---------+---------+-------+---------+---------+-------+---------
         Total |       0 |     507 |   0.0 |       0 |      58 |   0.0 |  2946
               +---------+---------+-------+---------+---------+-------+---------
           D:1 |       0 |      23 |   0.0 |       0 |      13 |   0.0 |   613
           D:2 |       0 |      97 |   0.0 |       0 |      18 |   0.0 |   938
           D:3 |       0 |     353 |   0.0 |       0 |      22 |   0.0 |  1099
           D:4 |       0 |      34 |   0.0 |       0 |       5 |   0.0 |   296
               +---------+---------+-------+---------+---------+-------+---------
